Description

This is a build order used by Serral against INoVation.

Replay - INnoVation v Serral: Game 5 - Golden Wall LE

Build Order

Get SALT Encoding   

  12  0:00  Drone  
  13  0:12  Overlord  
  13  0:17  Drone  
  14  0:31  Drone x2  
  16  0:49  Hatchery  
  15  0:52  Drone x2  
  17  0:59  Drone  
  18  1:09  Extractor  
  17  1:15  Spawning Pool  
  17  1:18  Drone x2  
  18  1:28  Drone  
  20  1:49  Overlord  
  20  2:01  Queen x2  
  20  2:02  Zergling x4  
  26  2:12  Metabolic Boost  
  32  2:37  Queen x2  
  36  2:45  Overlord x2  
  45  3:18  Lair  
  45  3:21  Extractor  
  46  3:37  Hatchery  
  46  3:39  Overlord  
  50  3:55  Extractor x2  
  51  3:58  Baneling Nest  
  54  4:16  Spire  
  54  4:21  Overseer  
  54  4:25  Zergling x4  
  56  4:36  Zergling x6  
  59  4:47  Queen  
  59  4:49  Baneling x8  
  61  4:58  Zergling x6  
  67  5:17  Baneling x2  
  57  5:29  Spore Crawler, Mutalisk x4  
  66  5:40  Mutalisk  
  69  6:00  Mutalisk x2  
  80  6:12  Centrifical Hooks  
  80  6:13  Evolution Chamber x2  
  78  6:24  Mutalisk  
  82  6:36  Extractor x2  
  80  6:42  Zerg Melee Weapons Level 1  
  80  6:43  Zerg Ground Armor Level 1  
  90  7:01  Zerg Flyer Weapons Level 1  
  90  7:10  Mutalisk x2  
  102  7:24  Overseer  
  113  7:50  Hatchery  
  124  8:16  Pneumatized Carapace  
  127  8:56  Overseer  
  136  9:18  Zerg Ground Armor Level 2  
  136  9:20  Zerg Melee Weapons Level 2  
Spawning Tool Build Advisor. Get it on Overwolf

Analysis

Serral is going for a basic build with some mutas and a main army composed of zerglings/banelings

INoVation will make a reaper expansion build I will make some harassment with liberators

Go to:

Details

  • Created by: TuxSwarm
  • Published on: Apr 18, 2020
  • Modified on: Apr 18, 2020
  • Patch: 4.11.0
Show
View Real Time Build Order
Export as new Build Order

Comments (0)

There are no comments. Be the first!

Create an account to comment!